 Dungeon Crawl Stone Soup version 0.19.0-19-g8c6edcc (webtiles) character file.

4758 HungrySpirit the Cleaver (level 10, -19/74 HPs)
             Began as a Mummy Gladiator on Nov 13, 2016.
             Was an Initiate of Gozag.
             Killed from afar by a smoke demon (25 damage)
             ... with a ball of steam
             ... on level 2 of the Abyss.
             The game lasted 00:15:40 (9377 turns).

HungrySpirit the Cleaver (Mummy Gladiator)          Turns: 9377, Time: 00:15:41

Health: -19/74     AC: 16    Str: 21    XL:     10   Next: 23%
Magic:  10/10      EV:  7    Int:  7    God:    Gozag
Gold:   426        SH:  5    Dex: 14    Spells: 0 memorised, 9 levels left

rFire  . . .     SeeInvis .     n - +3 hand axe (flame)
rCold  . . .     Gourm    .     p - +0 plate armour
rNeg   + + +     Faith    .     l - +0 buckler
rPois  ∞         Spirit   .     c - +0 helmet
rElec  .         Reflect  .     w - +0 cloak
rCorr  .         Harm     .     x - +0 pair of gloves
MR     +....                    e - +0 pair of boots
Stlth  ..........               g - amulet of magic regeneration
                                q - ring of fire
                                (no ring)

@: no status effects
A: no food or potions, fire vulnerability, cold resistance 1, negative energy
resistance 3, torment resistance, unbreathing
a: Potion Petition, Call Merchant, Bribe Branch, Renounce Religion


You were on level 2 of the Abyss.
You worshipped Gozag.
Gozag was aware of your devotion.
You were not hungry.

You visited 2 branches of the dungeon, and saw 10 of its levels.
You visited the Abyss 1 time.

You collected 718 gold pieces.
You spent 154 gold pieces at shops.
You paid 138 gold pieces to Gozag.

Inventory:

Hand Weapons
 n - a +3 hand axe of flaming (weapon)
Missiles
 d - 4 throwing nets (quivered)
Armour
 c - a +0 helmet (worn)
 e - a +0 pair of boots (worn)
 l - a +0 buckler (worn)
 p - a +0 plate armour (worn)
 w - a +0 cloak (worn)
 x - a +0 pair of gloves (worn)
Jewellery
 a - an uncursed amulet of faith {unknown}
 g - an amulet of magic regeneration (around neck)
 q - a ring of fire (right hand)
Wands
 k - a wand of teleportation (2/9)
 r - a wand of lightning (0/15)
Scrolls
 b - a scroll of blinking {unknown}
 f - 8 scrolls of remove curse
 h - 3 scrolls of identify {unknown}
 i - 2 scrolls of immolation {unknown}
 j - 2 scrolls of amnesia {unknown}
 m - 2 scrolls of enchant armour {unknown}
 o - 3 scrolls of fog {unknown}
 s - a scroll of teleportation
 t - a scroll of recharging {unknown}


   Skills:
 + Level 5.4 Fighting
 * Level 10.2 Axes
 - Level 1.5 Throwing
 + Level 3.6 Armour
 - Level 2.4 Dodging
 - Level 5.1 Shields


You had 9 spell levels left.
You didn't know any spells.

Dungeon Overview and Level Annotations

Branches:
Dungeon (9/15)             Temple (1/1) D:6
   Lair: D:8-11         Orc: D:9-12

Altars:
Ashenzari
Cheibriados
Dithmenos
Elyvilon
Fedhas
Gozag
Kikubaaqudgha
Makhleb
Nemelex Xobeh
Okawaru
Qazlal
Ru
Sif Muna
Trog
Uskayaw
Vehumet
Xom
Yredelemnul
Zin
The Shining One

Shops:
D:4 ?=!}

Annotations:
D:8 Maurice
D:9 Psyche


Innate Abilities, Weirdness & Mutations

You do not eat or drink.
Your flesh is vulnerable to fire.
You are immune to poison.
Your flesh is cold resistant. (rC+)
You are immune to negative energy. (rN+++)
You are immune to unholy pain and torment.
You can survive without breathing.


Message History

The ball of steam hits you!
* * * LOW HITPOINT WARNING * * *
The rakshasa weaves an illusion.
The chaos spawn shimmers and seems to become two!
Really walk into that cloud of steam?
Okay, then.
The smoke demon hits you but does no damage.
The smoke demon barely misses you. x2; You block the chaos spawn's attack.
The smoke demon hits you but does no damage. x3
A small abomination comes into view.
You enter the shallow water.
Moving in this stuff is going to be slow.
You enter the shallow water.
Moving in this stuff is going to be slow.
You enter the shallow water.
Moving in this stuff is going to be slow.
The smoke demon gestures at you. The ball of steam hits you!
You die...
Your body crumbles into a pile of gold.

≈#.#≈≈≈♣≈♣≈. ≈≈#≈≈≈ ≈
#####.♣≈≈≈≈≈#≈≈≈≈ ≈≈≈≈
≈ .###.#≈≈≈≈≈≈≈≈
♣≈≈≈≈≈≈# ..#≈≈≈≈≈≈≈§#≈≈
≈♣≈≈≈..
#≈≈≈≈#§#§.♣≈≈≈≈≈≈≈.#.
..##♣≈≈§4##.≈≈≈♣≈≈≈≈#
#.
##.≈≈≈≈§#≈.#R≈≈≈≈≈≈.##.
..≈≈≈≈#§3X.≈≈≈≈≈≈≈≈#.
..≈≈≈≈#@#4≈≈≈≈≈≈≈≈≈#
.≈≈≈##§##≈≈≈≈≈≈≈≈≈≈#
≈♣≈≈≈§## ≈§≈≈≈≈≈≈≈≈..
≈≈♣≈##≈≈♣§≈≈≈≈≈≈≈≈#.
.≈≈≈#≈≈≈≈≈x≈≈≈≈≈♣≈≈#
[≈≈≈≈♣≈≈≈≈≈♣≈≈≈≈≈≈≈#
.≈≈#≈≈≈≈≈≈≈≈≈≈≈≈≈
≈≈≈♣≈♣≈≈≈≈≈≈≈≈


You could see a rakshasa, a large abomination, a smoke demon and a chaos spawn.

Vanquished Creatures
  Pikel (D:5)
  A deep elf mage (D:8)
  The ghost of Leszczynek the Skirmisher, a novice FoCj (D:4)
  An ancient zyme (Abyss:2)
  A two-headed ogre (D:8)
  A hippogriff (D:7)
  A water moccasin (D:7)
  Duvessa (D:4)
  2 sky beasts
  6 ogres
  4 centaurs
  A big kobold (D:8)
  5 bullfrogs
  Dowan (D:4)
  2 scorpions
  5 wights (D:7)
  A howler monkey (D:7)
  4 crimson imps
  2 hounds
  A bullfrog skeleton (D:5)
  A centaur skeleton (D:7)
  3 orc priests
  Crazy Yiuf (D:6)
  Ijyb (D:2)
  Jessica (D:2)
  An iguana (D:8)
  4 orc wizards
  3 worker ants
  2 worker ant zombies
  6 adders
  7 gnolls
  3 shadow imps
  A white imp (Abyss:2)
  2 oozes (D:1)
  An adder skeleton (D:4)
  An adder zombie (D:8)
  3 worms
  A dart slug (D:2)
  7 leopard geckos
  27 orcs
  3 ball pythons
  6 giant cockroaches
  4 goblins
  5 hobgoblins
  7 jackals
  6 quokkas
  8 bats
  3 frilled lizards
  14 kobolds
  6 rats
180 creatures vanquished.

Notes
Turn   | Place    | Note
-------+----------+-------------------------------------------
     0 | D:1      | HungrySpirit the Mummy Gladiator began the quest for the Orb.
     0 | D:1      | Reached XP level 1. HP: 16/16 MP: 1/1
   192 | D:1      | Found a snail-covered altar of Cheibriados.
   284 | D:1      | Reached XP level 2. HP: 8/22 MP: 2/2
   447 | D:1      | Reached skill level 3 in Axes
   945 | D:1      | Reached XP level 3. HP: 24/28 MP: 3/3
  1301 | D:2      | Reached XP level 4. HP: 31/34 MP: 4/4
  1307 | D:2      | Noticed Ijyb
  1324 | D:2      | Killed Ijyb
  1655 | D:2      | Reached skill level 4 in Axes
  1666 | D:2      | Noticed Jessica
  1674 | D:2      | Killed Jessica
  1674 | D:2      | Reached XP level 5. HP: 41/41 MP: 5/5
  2112 | D:2      | Found a radiant altar of Vehumet.
  2112 | D:2      | Found a faded altar of an unknown god.
  2120 | D:2      | Found a burning altar of Makhleb.
  2122 | D:2      | Found a faded altar of an unknown god.
  2123 | D:2      | Found a faded altar of an unknown god.
  2557 | D:3      | Reached skill level 1 in Shields
  2855 | D:3      | Found a blossoming altar of Fedhas.
  2855 | D:3      | Found an ancient bone altar of Kikubaaqudgha.
  2856 | D:3      | Reached XP level 6. HP: 47/47 MP: 6/6
  3238 | D:3      | Reached skill level 5 in Axes
  3413 | D:4      | Noticed Duvessa
  3413 | D:4      | Noticed Dowan
  3442 | D:4      | Killed Duvessa
  3445 | D:4      | Killed Dowan
  3604 | D:4      | Found Vittabu's Jewellery Boutique.
  3629 | D:4      | Found Suwnazoph's Distillery.
  3732 | D:4      | Found an iron altar of Okawaru.
  3855 | D:4      | Found Ocafe's Gadget Shoppe.
  3863 | D:4      | Found a hide-covered altar of Uskayaw.
  3864 | D:4      | Bought a wand of lightning (4/15) for 88 gold pieces
  3870 | D:4      | Reached XP level 7. HP: 52/52 MP: 7/7
  4087 | D:4      | Found Aploedd's Magic Scroll Shoppe.
  4094 | D:4      | Bought a scroll of remove curse for 33 gold pieces
  4094 | D:4      | Bought a scroll of teleportation for 33 gold pieces
  4157 | D:4      | Noticed Leszczynek's ghost (novice FoCj)
  4171 | D:4      | Killed Leszczynek's ghost
  4171 | D:4      | Reached skill level 6 in Axes
  4223 | D:4      | Found a bloodstained altar of Trog.
  4250 | D:4      | Found Bukoijuo's Antique Armour Shoppe.
  4531 | D:5      | Entered Level 5 of the Dungeon
  4672 | D:5      | Reached XP level 8. HP: 45/58 MP: 8/8
  4758 | D:5      | Reached skill level 7 in Axes
  5032 | D:5      | Noticed Pikel
  5103 | D:5      | Killed Pikel
  5103 | D:5      | Reached skill level 8 in Axes
  5480 | D:6      | Reached skill level 5 in Shields
  5502 | D:6      | Reached XP level 9. HP: 46/63 MP: 9/9
  5656 | D:6      | Found a shattered altar of Ashenzari.
  5760 | D:6      | Found a glowing silver altar of Zin.
  5842 | D:6      | Found a staircase to the Ecumenical Temple.
  5873 | D:6      | You fall through a shaft for 3 floors!
  5898 | D:8      | Reached skill level 1 in Armour
  5902 | D:8      | Reached skill level 9 in Axes
  6277 | Temple   | Entered the Ecumenical Temple
  6542 | D:6      | Found a runed door.
  6716 | D:6      | Noticed Crazy Yiuf
  6722 | D:6      | Killed Crazy Yiuf
  6980 | D:7      | Found an opulent altar of Gozag.
  6980 | D:7      | Found a basalt altar of Yredelemnul.
  6985 | D:7      | Became a worshipper of Gozag Ym Sagoz the Greedy
  7767 | D:8      | Reached XP level 10. HP: 66/73 MP: 10/10
  7827 | D:8      | Reached skill level 5 in Fighting
  8019 | D:8      | Noticed Maurice
  8398 | D:8      | Reached skill level 10 in Axes
  8456 | D:8      | Noticed a deep elf mage
  8488 | D:8      | Killed a deep elf mage
  9050 | D:9      | Noticed Psyche
  9061 | D:9      | Cast into level 1 of the Abyss (Psyche)
  9261 | Abyss:2  | Noticed a wretched star
  9349 | Abyss:2  | Noticed a smoke demon
  9349 | Abyss:2  | Noticed a rakshasa
  9377 | Abyss:2  | Killed from afar by a smoke demon

Skill      XL: |  1  2  3  4  5  6  7  8  9 10 |
---------------+-------------------------------+-----
Axes           | 3 4 5 6 8 9 10 | 10.2
Fighting       | 3 4 5 |  5.4
Shields        | 1 2 3 5 |  5.1
Armour         | 3 |  3.6
Throwing       | |  1.5
Dodging        | |  2.4

Action                   |  1- 3 |  4- 6 |  7- 9 | 10-12 || total
-------------------------+-------+-------+-------+-------++-------
Melee: War axe           |    86 |   110 |       |       ||   196
       Hand axe          |       |    82 |   380 |   129 ||   591
Evoke: Wand              |       |       |     4 |       ||     4
  Use: Scroll            |       |       |       |     4 ||     4
 Stab: Distracted        |       |       |     1 |       ||     1
Armor: Ring mail         |    54 |     4 |       |       ||    58
       Scale mail        |       |    61 |       |       ||    61
       Plate armour      |       |     6 |   162 |    85 ||   253
Dodge: Dodged            |    69 |    92 |    83 |    24 ||   268
Block: Buckler           |       |    28 |    57 |    26 ||   111
